 Dungeon Crawl Stone Soup version 0.29.0-4-gdea44cf6ec (webtiles) character file.

Game seed: 3194297174259176714

77 qw the Chopper (level 4, -10/26 HPs)
             Began as a Tengu Warper on Aug 28, 2022.
             Killed by nerve-wracking pain
             ... invoked by Grinder
              (12 damage)
             ... on level 4 of the Dungeon.
             The game lasted 00:00:08 (1291 turns).

qw the Chopper (Tengu Warper)                       Turns: 1291, Time: 00:00:09

Health: -10/26     AC:  4    Str: 13    XL:     4   Next: 33%
Magic:  8/8        EV: 12    Int: 13    God:
Gold:   59         SH:  0    Dex: 14    Spells: 7/7 levels left

rFire   . . .      SeeInvis .   Y - +0 hand axe
rCold   . . .      Faith    .   (no shield)
rNeg    . . .      Spirit   .   g - +0 leather armour {rPois}
rPois   +          Reflect  .   (helmet restricted)
rElec   .          Harm     .   (no cloak)
rCorr   .          Rampage  .   f - +0 pair of gloves
Will    .....                   (boots unavailable)
Stlth   +.........              (no amulet)
HPRegen 0.08/turn               (no ring)
MPRegen 0.11/turn               (no ring)

@: no status effects
A: beak, talons 3
a: no special abilities


You were on level 4 of the Dungeon.
You visited 1 branch of the dungeon, and saw 3 of its levels.

You collected 59 gold pieces.


Innate Abilities, Weirdness & Mutations

You have a beak for a mouth.
You have claws for feet.


   Skills:
 - Level 2.0 Fighting
 + Level 4.9 Axes
 - Level 1.0 Throwing
 - Level 1.1 Armour
 - Level 2.1 Dodging
 - Level 2.0 Spellcasting
 - Level 2.4 Translocations


You had 7 spell levels left.
You didn't know any spells.
Your spell library contained the following spells:

 Spells                   Type           Power      Damage    Failure   Level
 Blink                    Tloc           14%        N/A       19%         2
 Gell's Gravitas          Tloc           7%         N/A       36%         3
 Lesser Beckoning         Tloc           7%         N/A       36%         3
 Teleport Other           Tloc           7%         N/A       36%         3
 Manifold Assault         Tloc           7%         N/A       98%         5

Inventory:

Hand Weapons
 d - a +0 club
 Y - a +0 hand axe (weapon)
Armour
 e - a +0 ring mail
 f - a +0 pair of gloves (worn)
 g - a +0 leather armour of poison resistance (worn)
Scrolls
 a - a scroll of amnesia {unknown}
Potions
 h - a potion of heal wounds {unknown}
 j - 2 potions of flight {unknown}

Dungeon Overview and Level Annotations

Branches:
Dungeon (2/15)

Altars:

Annotations:
D:4 Grinder


Message History

The hound is severely wounded.
The hound stops to sniff the ground.
The hound bites you.
You barely miss the hound. You claw the hound.
The hound is almost dead.
The hound completely misses you. The hound barely misses you.
You completely miss the hound. Your peck misses the hound.
The hound is almost dead.
Grinder blinks!
The hound misses you.
You hit the hound. Your kick misses the hound.
The hound is almost dead.
The hound bites you. The hound closely misses you.
You hit the hound.
You kill the hound!
You have reached level 4!
You feel agile. Grinder hits you.
You writhe in agony.
You see here a hound corpse.
You barely miss Grinder. Your kick misses Grinder. Grinder barely misses you.
You hit Grinder but do no damage. Your kick misses Grinder.
Grinder gestures at you. Pain shoots through your body!
You hit Grinder. You claw Grinder, but do no damage. Your peck misses Grinder.
Grinder is lightly wounded.
Grinder barely misses you.
You hit Grinder.
Grinder is lightly wounded.
Grinder closely misses you.
You barely miss Grinder. You claw Grinder.
Grinder is lightly wounded.
Grinder hits you but does no damage.
You hit Grinder.
Grinder is lightly wounded.
Grinder says, "Just stop there for a second..."
Grinder hits you.
You writhe in agony.
You hit Grinder. You claw Grinder.
Grinder is heavily wounded.
Grinder gestures at you. Pain shoots through your body!
You die...

## .#
.# .#
###5#
#.@.#
#.###
#.#
#.#
#.#
#.#
###
#.#
#..
#.#
#.#
#.#
#.#


You could see Grinder.

Vanquished Creatures
  A hound (D:4)
  An adder (D:2)
  A dart slug (D:1)
  5 bats (D:1)
  A giant cockroach (D:1)
  2 goblins (D:1)
  7 hobgoblins
  4 jackals (D:2)
  3 kobolds (D:1)
  A quokka (D:1)
  2 ball pythons (D:1)
  2 frilled lizards (D:1)
  4 rats (D:1)
34 creatures vanquished.

Vanquished Creatures (others)
  2 fungi (D:1)
  3 plants (D:1)
5 creatures vanquished.

Grand Total: 39 creatures vanquished

Notes
Turn   | Place    | Note
-------+----------+-------------------------------------------
     0 | D:1      | qw the Tengu Warper began the quest for the Orb.
     0 | D:1      | Reached XP level 1. HP: 12/12 MP: 4/4
     0 | D:1      | 0 ||| qw: Version: 0.1-a-89-g26bdef1
     0 | D:1      | 0 ||| qw: Game counter: 1218
     0 | D:1      | 0 ||| qw: Always use a shield: true
     0 | D:1      | 0 ||| qw: God list: Okawaru
     0 | D:1      | 0 ||| qw: Allow faded altars: false
     0 | D:1      | 0 ||| qw: Do Orc after D:15 true
     0 | D:1      | 0 ||| qw: Do second Lair branch before Depths: true
     0 | D:1      | 0 ||| qw: Lair rune preference: random
     0 | D:1      | 0 ||| qw: Plans: Normal
     0 | D:1      | 0 ||| PLANNING D:1-11
   106 | D:1      | Reached skill level 3 in Axes
   106 | D:1      | Reached XP level 2. HP: 9/17 MP: 6/6
   118 | D:1      | 118 ||| Stepping ~*~*~tactically~*~*~ (stealth).
   122 | D:1      | 122 ||| Stepping ~*~*~tactically~*~*~ (stealth).
   377 | D:1      | 377 ||| Stepping ~*~*~tactically~*~*~ (stealth).
   625 | D:1      | Reached XP level 3. HP: 18/21 MP: 7/7
   678 | D:1      | 678 ||| Stepping ~*~*~tactically~*~*~ (stealth).
   679 | D:1      | 679 ||| Stepping ~*~*~tactically~*~*~ (stealth).
   680 | D:1      | 680 ||| Stepping ~*~*~tactically~*~*~ (stealth).
   694 | D:1      | Found a faded altar of an unknown god.
   775 | D:1      | Reached skill level 4 in Axes
  1006 | D:1      | 1006 ||| UPGRADING to +0 ring mail.
  1016 | D:1      | 1016 ||| DROPPING +0 leather armour.
  1017 | D:1      | 1017 ||| UPGRADING to +0 pair of gloves.
  1022 | D:1      | 1022 ||| UPGRADING to +0 leather armour of poison
                  | resistance.
  1032 | D:1      | 1032 ||| READING scroll labelled TOL JEOLANISCHU.
  1033 | D:1      | 1033 ||| READING scroll labelled VIFAHO WENOTIN.
  1036 | D:1      | 1036 ||| READING scroll labelled KEKURYN DOE.
  1037 | D:1      | 1037 ||| DROPPING scroll of blinking.
  1192 | D:2      | 1192 ||| FLEEEEING.
  1250 | D:2      | You fall into a shaft and drop 2 floors!
  1271 | D:4      | Noticed Grinder
  1284 | D:4      | Reached XP level 4. HP: 15/26 MP: 8/8
  1286 | D:4      | HP: 6/26 [Grinder/nerve-wracking pain (5)]
  1290 | D:4      | HP: 1/26 [Grinder (3)]
  1291 | D:4      | Killed from afar by Grinder

Levels and vault maps discovered:
D:1:      minmay_arrival_widening_spiral_wide, layout_loops_ring,
          shapermc_ecumenical_altar_acropolis
D:2:      layout_loops_corners, basic_altar, minmay_hedge_maze,
          minmay_misc_feat_ornament
D:4:      layout_loops_cross, uniq_grinder

Skill      XL: |  1  2  3 |
---------------+----------+-----
Axes           | 3 4 |  4.9
Fighting       | |  2.0
Throwing       | |  1.0
Armour         | |  1.1
Dodging        | |  2.1
Spellcasting   | |  2.0
Translocations | |  2.4

Action                   |  1- 3 |  4- 6 || total
-------------------------+-------+-------++-------
Melee: Hand axe          |    99 |     7 ||   106
       Kick              |    19 |     3 ||    22
       Peck              |     6 |       ||     6
Throw: Boomerang         |     7 |       ||     7
  Use: Scroll            |     3 |       ||     3
Armor: Leather armour    |    32 |     1 ||    33
Dodge: Dodged            |    67 |     3 ||    70

Table legend:
 A = Non-vault XP
 B = Vault XP
 C = Vault XP percentage of total XP
 D = Non-vault monster count
 E = Vault monster count
 F = Vault count percentage of total count
                 A         B        C        D         E       F
            +---------+---------+-------+---------+---------+-------
      Total |     110 |       0 |   0.0 |      34 |       0 |   0.0
            +---------+---------+-------+---------+---------+-------
        D:1 |      45 |       0 |   0.0 |      27 |       0 |   0.0
        D:2 |      23 |       0 |   0.0 |       6 |       0 |   0.0
        D:4 |      42 |       0 |   0.0 |       1 |       0 |   0.0
            +---------+---------+-------+---------+---------+-------
